 Dungeon Crawl Stone Soup version 0.23.2-33-g5129a83184 (webtiles) character file.

Game seed: 10178502761384181884

86 Folque the Magician (level 4, -2/36 HPs)
             Began as a Draconian Air Elementalist on July 2, 2019.
             Slain by a worm (11 damage)
             ... on level 2 of the Dungeon.
             The game lasted 00:05:11 (1142 turns).

Folque the Magician (Draconian Air Elementalist)    Turns: 1142, Time: 00:05:15

Health: -2/36      AC:  5    Str:  7 (10) XL:     4   Next: 26%
Magic:  0/8        EV: 12    Int: 16 (17) God:
Gold:   146        SH:  0    Dex:  9 (11) Spells: 3/9 levels left

rFire    . . .     SeeInvis .   a - +0 dagger
rCold    . . .     Gourm    .   (no shield)
rNeg     . . .     Faith    .   (armour unavailable)
rPois    .         Spirit   .   (helmet restricted)
rElec    .         Reflect  .   (no cloak)
rCorr    .         Harm     .   (no gloves)
MR       .....                  (no boots)
Stlth    ++........             (no amulet)
HPRegen  0.12/turn              (no ring)
MPRegen  0.11/turn              (no ring)

@: no status effects
A: unfitting armour, cold-blooded, AC +5
a: no special abilities


You were on level 2 of the Dungeon.
You were hungry.

You visited 1 branch of the dungeon, and saw 2 of its levels.

You collected 146 gold pieces.

Inventory:

Hand Weapons
 a - a +0 dagger (weapon)
Missiles
 k - 6 javelins (quivered)
Scrolls
 c - a scroll of identify {unknown}
 d - a scroll of magic mapping {unknown}
 e - a scroll of remove curse
 f - a scroll of fog {unknown}
 i - a scroll of teleportation {unknown}
 j - a scroll of random uselessness {unknown}
Potions
 h - a potion of degeneration
 l - a potion of curing
Comestibles
 b - 3 rations
 g - 2 chunks of flesh


   Skills:
 + Level 1.9 Fighting
 - Level 1.7 Dodging
 - Level 1.7 Stealth
 * Level 3.3 Spellcasting
 + Level 2.1 Conjurations
 - Level 3.0 Air Magic


You had 3 spell levels left.
You knew the following spells:

 Your Spells              Type           Power        Failure   Level  Hunger
a - Shock                 Conj/Air       ##..         6%          1    None
b - Swiftness             Chrm/Air       #.......     16%         2    ##.....
c - Static Discharge      Conj/Air       ##......     19%         3    ###....

Your spell library contained the following spells:

 Spells                   Type           Power        Failure   Level  Hunger
 Airstrike                Air            ##........   45%         4    ####...
 Lightning Bolt           Conj/Air       ##........   86%         5    ######.


Dungeon Overview and Level Annotations

Branches:
Dungeon (2/15)

Altars:
Fedhas
Hepliaklqana


Innate Abilities, Weirdness & Mutations

Your plain brown scales are hard. (AC +5)
You cannot fit into any form of body armour.
You are cold-blooded and may be slowed by cold attacks.


Message History

You are no longer poisoned.
The worm bites you!
* * * LOW HITPOINT WARNING * * *
It was a potion of degeneration.
There was something very wrong with that liquid.
You feel weakened.
You feel dopey.
You feel clumsy.
It was a potion of curing.
You feel better.
Casting: Shock (safe; 6% risk of failure)
Confirm with . or Enter, or press ? or * to list all spells.
Aiming: Shock (safe; 6% risk of failure)
Press: ? - help, Shift-Dir - straight line That beam is likely to hit you.
Continue anyway?
The zap hits you.
* * * LOW HITPOINT WARNING * * *
The zap hits the worm.
The worm is lightly wounded.
The zap hits the worm.
The worm is heavily wounded.
The worm bites you!
You die...

....)(.....
.......#.#. #....w....
..#....#.#. ### #####
########†#
##.###..(###.## ##.##
#.#...###.#.#.###.##
#.########)###w..##
##.##@w##.## ####.#
##.###..## #..
###.#################
##..........(.........
#≈≈≈≈≈≈≈≈≈≈≈≈≈≈≈≈≈≈≈≈≈
#≈≈≈≈≈≈≈≈≈≈≈≈≈≈≈≈≈≈≈≈≈
##....................
###################'#
#8.###8[###8.###8.#..


You could see a worm.

Vanquished Creatures
  A gnoll (D:1)
  2 adders (D:2)
  An ooze (D:2)
  A worm (D:2)
  A dart slug (D:2)
  A leopard gecko (D:1)
  3 giant cockroaches
  5 goblins
  8 hobgoblins
  2 jackals (D:2)
  7 bats
  3 frilled lizards
  6 kobolds
  7 rats
48 creatures vanquished.

Notes
Turn   | Place    | Note
-------+----------+-------------------------------------------
     0 | D:1      | Folque the Draconian Air Elementalist began the quest for
                  | the Orb.
     0 | D:1      | Reached XP level 1. HP: 14/14 MP: 3/3
    58 | D:1      | Reached XP level 2. HP: 9/22 MP: 0/5
   164 | D:1      | Reached skill level 1 in Fighting
   445 | D:1      | Reached XP level 3. HP: 28/28 MP: 7/7
   454 | D:1      | Learned a level 2 spell: Swiftness
   465 | D:1      | Learned a level 3 spell: Static Discharge
   718 | D:2      | Found a hazy altar of Hepliaklqana.
   780 | D:2      | Found a blossoming altar of Fedhas.
  1075 | D:2      | Reached XP level 4. HP: 31/36 MP: 8/8
  1142 | D:2      | Slain by a worm

Skill      XL: |  1  2  3 |
---------------+----------+-----
Fighting       | 1 |  1.9
Spellcasting   | 3 |  3.3
Conjurations   | 2 |  2.1
Dodging        | |  1.7
Stealth        | |  1.7
Air Magic      | |  3.0

Action                   |  1- 3 |  4- 6 || total
-------------------------+-------+-------++-------
Melee: Dagger            |   124 |     9 ||   133
       Tailslap          |     8 |     2 ||    10
 Cast: Shock             |    15 |     9 ||    24
       Static Discharge  |     5 |     1 ||     6
  Use: Scroll            |     1 |       ||     1
       Potion            |       |     2 ||     2
 Stab: Sleeping          |     5 |     1 ||     6
  Eat: Chunk             |     1 |       ||     1
Armor: Skin              |    50 |     8 ||    58
Dodge: Dodged            |    87 |     7 ||    94
